 Dungeon Crawl Stone Soup version 0.31-a0-221-gbddc013574 (webtiles) character file.

Game seed: 11659585779754239031

170060 qw the Peltast (level 17, -1/106 HPs)
             Began as a Gargoyle Fighter on July 3, 2023.
             Was an Elder of Okawaru.
             Slain by a ghost moth (10 damage)
             ... on level 2 of the Spider Nest.
             The game lasted 00:15:37 (25847 turns).

qw the Peltast (Gargoyle Fighter)                  Turns: 25847, Time: 00:15:38

Health: -1/106     AC: 44    Str: 25 (26) XL:     17   Next: 98%
Magic:  0/24       EV: 12    Int:  9 (11) God:    Okawaru [****..]
Gold:   675        SH: 18    Dex:  8 (9)  Spells: 16/16 levels left

rFire   + + .        l - +1 broad axe (spect)
rCold   + . .        h - +0 tower shield
rNeg    + . .        p - +2 plate armour {rF+}
rPois   inf          e - +2 helmet
rElec   +            q - scarf {rC+ rF+}
rCorr   .            i - +2 pair of gloves
SInv    .            F - +2 pair of boots {Fly}
Will    +....        o - amulet of faith Stlth
                     a - +5 ring of evasion
HPRegen 0.37/turn    t - +4 ring of protection
MPRegen 0.19/turn

%: faith
@: flying
A: sickness immunity, AC +12, big wings, negative energy resistance 1,
electricity resistance, torment resistance 1, petrification resistance
a: Renounce Religion, Heroism, Finesse


You were on level 2 of the Spider Nest.
You worshipped Okawaru.
Okawaru was greatly pleased with you.
You visited 5 branches of the dungeon, and saw 25 of its levels.
You also visited: Gauntlet.

You collected 2440 gold pieces.
You spent 1765 gold pieces at shops.


Innate Abilities, Weirdness & Mutations

You are immune to sickness and miasma.
Your stone body is resilient. (AC +12)
You are immune to poison.
Your large and strong wings let you fly.
You resist negative energy. (rN+)
You are resistant to electric shocks. (rElec)
You are resistant to unholy torment.
You are immune to petrification.


   Skills:
 - Level 12.0 Fighting
 + Level 16.8 Axes
 - Level 7.0 Throwing
 - Level 12.0 Armour
 - Level 3.2 Dodging
 - Level 17.7 Shields
 - Level 10.0 Invocations


You had 16 spell levels left.
You didn't know any spells.
Your spell library was empty.

Inventory:

Hand Weapons
 b - the +12 war axe of Fysuluab {pain, Drain rCorr Int+4}
   (You found it on level 8 of the Dungeon)

   Int:       It affects your intelligence (+4).
   rCorr:     It protects you from acid and corrosion.
   Drain:     It drains your maximum health when unequipped.
 c - a +2 morningstar of holy wrath
 l - a +1 spectral broad axe (weapon)
 r - a +0 eveningstar
Missiles
 g - 12 boomerangs
 H - a javelin (quivered)
Armour
 e - a +2 helmet (worn)
 h - a +0 tower shield (worn)
 i - a +2 pair of gloves (worn)
 m - +0 acid dragon scales
 n - a +3 chain mail of cold resistance
 p - a +2 plate armour of fire resistance (worn)
 q - a scarf of resistance (worn)
 y - a +0 cloak
 B - a +0 pair of gloves of strength
 F - a +2 pair of boots of flying (worn)
Jewellery
 a - a +5 ring of evasion (left hand)
 o - an amulet of faith (around neck)
 t - a +4 ring of protection (right hand)
 v - the ring of Youthful Indiscretion {Ice Dex+2 Stlth+}
   (You found it in a Gauntlet)

   [ring of ice]

   It enhances your ice magic.
   Dex:       It affects your dexterity (+2).
   rF:        It makes you vulnerable to fire.
   rC:        It protects you from cold.
   Stlth:     It makes you more stealthy.
 A - a ring of protection from fire
 J - an amulet of reflection
 K - a ring of protection from cold
 Y - a ring of protection from cold
Wands
 G - a wand of digging (3)
Scrolls
 u - 10 scrolls of identify
 C - 3 scrolls of teleportation
Potions
 d - 5 potions of might
 f - 6 potions of curing
 j - a potion of resistance
 k - 5 potions of enlightenment
 s - 5 potions of attraction
 w - 4 potions of haste
 x - 3 potions of cancellation
 z - 3 potions of lignification
 I - 5 potions of mutation

Dungeon Overview and Level Annotations

Branches:
Dungeon (15/15)            Temple (1/1) D:5            Lair (5/5) D:10
  Swamp (0/4) Lair:3       Spider (2/4) Lair:3        Slime (0/5) Lair:4
    Orc (2/2) D:12            Elf (0/3) Orc:2        Vaults (0/5) D:13
 Depths (0/4) D:15        Gauntlet (visited)

Altars:
Ashenzari
Cheibriados
Dithmenos
Elyvilon
Fedhas
Gozag
Hepliaklqana
Kikubaaqudgha
Makhleb
Nemelex Xobeh
Okawaru
Qazlal
Ru
Sif Muna
Trog
Uskayaw
Vehumet
Wu Jian
Xom
Yredelemnul
Zin
The Shining One
Jiyva

Shops:
D:9 *   D:10 *   D:13 (   Orc:2 =![*

Annotations:
D:7 1 runed translucent door, Crazy Yiuf
D:8 3 runed translucent doors, qw's ghost, novice GrFi
D:14 2 runed translucent doors, Lupuqaw's ghost, journeyman GrFi


Message History

You hit something but do no damage.
You feel you are being watched by something.
You feel your power leaking away. Something hits you but does no damage.
Something hits you!
Something stings you but does no damage.
You slash something!
Something hits you but does no damage. x2
Something stings you but does no damage.
You miss something. Something hits you! Something hits you but does no damage.
Something stings you but does no damage.
Something hits you. Something hits you but does no damage.
Something stings you but does no damage.
You hit something but do no damage. You block something's attack.
Something hits you but does no damage.
Something stings you but does no damage.
You miss something.
You feel you are being watched by something.
Something hits you but does no damage. x2; You block something's attack.
You slice something!!
You feel you are being watched by something.
You block something's attack. Something hits you but does no damage.
Something stings you but does no damage.
You hit something.
Something hits you but does no damage. x2; Something stings you!
You feel clumsy.
You slash something!
You feel you are being watched by something.
You feel your power leaking away.
Something hits you but does no damage. x2; Something barely misses you.
You closely miss something. Something hits you but does no damage.
You block something's attack.
Something stings you but does no damage.
You completely miss something.
You feel you are being watched by something.
Something hits you but does no damage. x2; Something stings you.
You miss something.
You feel you are being watched by something.
Something hits you but does no damage. x2; Something stings you!
You die...

...#.......## ....##[#........
............# ............)...
##..........# ##.^#..#......^
#####...##### ########........
#)..#.#.# .#..####...:....
#..###..# ......^#........
#.#.#..## ....# #..##.#..
#####...#####{.# ##.....#.
###...#.#..#.@#.## #....<...
.......#.........# #.....##.
..##.......#..#.## ##....... .
####...##############.......
##.#....##....:#.##.#........
#.......#...........##.......
##^.#...#....#...##.##.......
####.#######..#########........
#........#.#.......#...........


There were no monsters in sight!

Vanquished Creatures
  Arachne (Spider:2)
  Jorgrun (Orc:1)
  Roxanne (D:15)
  Donald (Orc:2)
  Louise (Spider:2)
  An emperor scorpion (Spider:2)
  A broodmother (Spider:1)
  A minotaur (Gauntlet)
  A dire elephant (D:15)
  2 spark wasps
  An entropy weaver (Spider:1)
  8 vault guards (D:13)
  Harold (Lair:1)
  A rakshasa (D:9)
  2 jorogumos
  6 hydras
  6 centaur warriors
  5 catoblepae
  A radroach (Spider:2)
  An alligator (Lair:1)
  7 boulder beetles
  9 death yaks
  8 two-headed ogres
  5 tengu warriors
  An orc high priest (Orc:1)
  4 demonic crawlers
  Amaemon (D:10)
  3 skysharks
  A fire crab (Lair:1)
  5 skeletal warriors (D:11)
  A pharaoh ant (Spider:2)
  A sun moth (Spider:1)
  An orb spider (Spider:1)
  3 orc knights
  An obsidian statue (Gauntlet)
  4 steelbarb worms
  3 deep elf pyromancers
  9 ugly things
  4 wolf spiders
  2 orc sorcerers (Orc:1)
  6 cyclopes
  6 manticores
  An elephant (Lair:1)
  2 moths of wrath
  A salamander (D:15)
  5 black mambas
  Joseph (D:9)
  A guardian serpent (shapeshifter) (D:15)
  An orange demon (D:10)
  3 torpor snails
  5 rime drakes
  8 cane toads
  2 kobold demonologists (D:10)
  15 komodo dragons
  Psyche (D:12)
  2 efreet
  3 polar bears
  Prince Ribbit (D:5)
  7 trolls
  A blink frog (shapeshifter) (D:13)
  A tyrant leech (Lair:3)
  12 tarantellas
  24 blink frogs
  16 dream sheep
  Sigmund (D:6)
  A centaur simulacrum (Gauntlet)
  2 shadows
  A vampire (D:10)
  11 culicivoras
  14 jumping spiders
  16 wyverns
  8 basilisks
  2 steam dragons (Lair:1)
  45 yaks
  12 redbacks
  8 vampire mosquitoes
  4 acid dragons
  A swamp worm (Lair:3)
  13 water moccasins
  38 orc warriors
  2 ice beasts (D:6)
  2 sky beasts
  4 black bears
  13 ogres
  23 wolves
  29 centaurs
  6 kobold brigands
  A phantom (D:5)
  18 bullfrogs
  3 gnoll sergeants (D:12)
  4 scorpions
  9 wights
  A hornet simulacrum (Gauntlet)
  6 killer bees (D:7)
  8 electric eels
  5 howler monkeys
  2 hounds (D:4)
  2 jellies
  14 orc priests
  2 gnoll boudas
  2 sleepcaps (D:6)
  Ijyb (D:3)
  Terence (D:3)
  8 iguanas
  18 orc wizards
  4 troll simulacra (D:11)
  2 boggart simulacra (Gauntlet)
  10 adders
  16 gnolls
  An ufetubus (D:4)
  4 worms
  69 orcs
  8 ball pythons
  5 endoplasms
  3 giant cockroaches
  4 goblins
  2 hobgoblins (D:2)
  4 jackals
  19 kobolds
  4 quokkas
  7 bats
  2 frilled lizards
  7 rats
773 creatures vanquished.

Vanquished Creatures (others)
  An orc (Orc:2)
  A bat zombie (D:2)
  18 spectral weapons
20 creatures vanquished.

Grand Total: 793 creatures vanquished

Notes
Turn   | Place    | Note
-------+----------+-------------------------------------------
     0 | D:1      | qw the Gargoyle Fighter began the quest for the Orb.
     0 | D:1      | Reached XP level 1. HP: 14/14 MP: 1/1
     0 | D:1      | 0 ||| qw: Version: 0.3-a-40-ge99b1a8
     0 | D:1      | 0 ||| qw: Game counter: 601
     0 | D:1      | 0 ||| qw: Melee chars always use a shield: true
     0 | D:1      | 0 ||| qw: God list: Okawaru
     0 | D:1      | 0 ||| qw: Allow faded altars: false
     0 | D:1      | 0 ||| qw: Do Orc after clearing Dungeon:15 true
     0 | D:1      | 0 ||| qw: Do second Lair branch before Depths: true
     0 | D:1      | 0 ||| qw: Lair rune preference: random
     0 | D:1      | 0 ||| qw: Goals: Normal, Zot:1-4, Slime:5, God:TSO, Crypt,
                  | Tomb, Abyss, Pan, Hells, Win
     0 | D:1      | 0 ||| PLANNING D:1-11
   195 | D:1      | Reached XP level 2. HP: 19/19 MP: 2/2
   791 | D:1      | 791 ||| Stepping ~*~*~tactically~*~*~ (hiding).
   804 | D:1      | Reached skill level 3 in Axes
   815 | D:1      | 815 ||| UPGRADING to +0 chain mail.
   825 | D:1      | 825 ||| DROPPING +0 scale mail.
   826 | D:1      | 826 ||| READING 2 scrolls labelled KEOBAD NEXICYRHA.
   827 | D:1      | 827 ||| READING scroll of enchant weapon.
   827 | D:1      | 827 ||| ENCHANTING +1 war axe.
   828 | D:1      | 828 ||| READING scroll labelled FONOROE KIAWUU.
   829 | D:1      | 829 ||| READING scroll labelled UDWUTELYUPN.
   830 | D:1      | 830 ||| READING scroll labelled MOIJAD NOSEOCK.
   831 | D:1      | 831 ||| DRINKING 2 glowing grey potions.
   926 | D:2      | 926 ||| Stepping ~*~*~tactically~*~*~ (stealth).
   931 | D:2      | Reached XP level 3. HP: 23/23 MP: 3/3
   987 | D:2      | 987 ||| UPGRADING to +1 helmet.
   992 | D:2      | 992 ||| Stepping ~*~*~tactically~*~*~ (hiding).
  1184 | D:2      | 1184 ||| UPGRADING to +0 tower shield.
  1194 | D:2      | 1194 ||| DROPPING +0 buckler.
  1640 | D:2      | 1640 ||| Stepping ~*~*~tactically~*~*~ (stealth).
  1679 | D:2      | HP: 2/23 [worm (11)]
  1901 | D:2      | 1901 ||| UPGRADING to +5 ring of evasion.
  1902 | D:2      | 1902 ||| READING scroll labelled JEMPAI VADEHENENLU.
  1934 | D:3      | 1934 ||| Stepping ~*~*~tactically~*~*~ (hiding).
  1946 | D:3      | 1946 ||| DRINKING potion of curing.
  1946 | D:3      | 1946 ||| (to cure confusion)
  1951 | D:3      | 1951 ||| FLEEEEING.
  1952 | D:3      | 1952 ||| FLEEEEING.
  1953 | D:3      | 1953 ||| FLEEEEING.
  1954 | D:3      | 1954 ||| FLEEEEING.
  1959 | D:3      | 1959 ||| FLEEEEING.
  1960 | D:3      | 1960 ||| FLEEEEING.
  1963 | D:3      | 1963 ||| FLEEEEING.
  1964 | D:3      | 1964 ||| STAIRDANCE
  2010 | D:3      | 2010 ||| STAIRDANCE
  2012 | D:3      | 2012 ||| STAIRDANCE
  2014 | D:3      | 2014 ||| STAIRDANCE
  2019 | D:2      | Reached skill level 4 in Shields
  2019 | D:2      | Reached XP level 4. HP: 27/28 MP: 4/4
  2047 | D:3      | 2047 ||| DROPPING +0 mace.
  2184 | D:3      | Reached skill level 5 in Shields
  2184 | D:3      | Reached XP level 5. HP: 32/32 MP: 5/5
  2189 | D:3      | 2189 ||| DROPPING +0 flail.
  2213 | D:3      | Identified the +0 rapier "Yrarph" {drain, Dex+2}
  2232 | D:3      | 2232 ||| Stepping ~*~*~tactically~*~*~ (stealth).
  2233 | D:3      | 2233 ||| Stepping ~*~*~tactically~*~*~ (stealth).
  2269 | D:3      | 2269 ||| Stepping ~*~*~tactically~*~*~ (stealth).
  2528 | D:3      | Noticed Terence
  2537 | D:3      | Killed Terence
  2538 | D:3      | Reached skill level 6 in Shields
  2595 | D:3      | 2595 ||| Stepping ~*~*~tactically~*~*~ (stealth).
  2596 | D:3      | 2596 ||| Stepping ~*~*~tactically~*~*~ (stealth).
  2618 | D:3      | 2618 ||| Stepping ~*~*~tactically~*~*~ (stealth).
  2858 | D:3      | Noticed Ijyb
  2867 | D:3      | Killed Ijyb
  2868 | D:3      | Reached XP level 6. HP: 29/37 MP: 6/6
  2915 | D:3      | 2915 ||| UPGRADING to scarf of resistance.
  2920 | D:3      | 2920 ||| READING scroll labelled YTERES FITRUSS.
  2921 | D:3      | 2921 ||| READING scroll labelled PIPRAI TUTT.
  2922 | D:3      | 2922 ||| READING 3 scrolls labelled MOCSIY HERU.
  2923 | D:3      | 2923 ||| READING scroll labelled SABBAO PIHE.
  2924 | D:3      | 2924 ||| DROPPING 2 scrolls of poison.
  2966 | D:3      | 2966 ||| Stepping ~*~*~tactically~*~*~ (stealth).
  3046 | D:4      | Noticed a black bear
  3056 | D:4      | Killed a black bear
  3057 | D:4      | Reached skill level 7 in Shields
  3128 | D:4      | 3128 ||| READING scroll of brand weapon.
  3128 | D:4      | 3128 ||| BRANDING +2 war axe of chaos.
  3129 | D:4      | 3129 ||| DROPPING +0 hand axe.
  3181 | D:4      | 3181 ||| Stepping ~*~*~tactically~*~*~ (hiding).
  3209 | D:4      | Reached XP level 7. HP: 28/41 MP: 7/7
  3264 | D:4      | 3264 ||| Stepping ~*~*~tactically~*~*~ (stealth).
  3303 | D:4      | 3303 ||| DRINKING 3 potions of curing.
  3303 | D:4      | 3303 ||| (to cure confusion)
  3348 | D:4      | Reached skill level 8 in Shields
  3457 | D:4      | Found an opulent altar of Gozag.
  3598 | D:4      | Found a shimmering blue altar of Sif Muna.
  3920 | D:4      | 3920 ||| UPGRADING to +0 pair of gloves.
  3925 | D:4      | 3925 ||| UPGRADING to ring of protection from cold.
  3926 | D:4      | 3926 ||| READING scroll labelled PIMMIT BEGA.
  3927 | D:4      | 3927 ||| DRINKING 3 green potions.
  3928 | D:4      | 3928 ||| DRINKING 2 brown potions.
  3976 | D:5      | Entered Level 5 of the Dungeon
  4129 | D:5      | 4129 ||| Stepping ~*~*~tactically~*~*~ (stealth).
  4137 | D:5      | 4137 ||| Stepping ~*~*~tactically~*~*~ (stealth).
  4184 | D:5      | Reached XP level 8. HP: 30/46 MP: 8/8
  4308 | D:5      | Found a staircase to the Ecumenical Temple.
  4309 | D:5      | 4309 ||| PLANNING TEMPLE
  4309 | D:5      | 4309 ||| DRINKING 2 fuming brown potions.
  4310 | D:5      | 4310 ||| DROPPING potion of brilliance.
  4319 | Temple   | Entered the Ecumenical Temple
  4320 | Temple   | 4320 ||| PLANNING OKAWARU WORSHIP
  4324 | Temple   | Became a worshipper of Warmaster Okawaru
  4325 | Temple   | 4325 ||| PLANNING D:1-11
  4343 | D:5      | Found a sparkling altar of Nemelex Xobeh.
  4354 | D:5      | Identified the +5 great mace of Unbearable Tenacity {elec,
                  | rElec rN+}
  4527 | D:5      | Reached skill level 1 in Throwing
  4561 | D:5      | Reached skill level 9 in Shields
  4784 | D:5      | 4784 ||| READING scroll labelled ASCHUCW UTESH.
  4785 | D:5      | 4785 ||| READING scroll labelled FUROTUOVISS.
  4786 | D:5      | 4786 ||| READING scroll labelled XIOSUNK ISKENI.
  4801 | D:6      | Noticed Prince Ribbit
  4805 | D:6      | 4805 ||| STAIRDANCE
  4828 | D:5      | Killed Prince Ribbit
  4922 | D:6      | 4922 ||| Stepping ~*~*~tactically~*~*~ (hiding).
  4931 | D:6      | 4931 ||| FLEEEEING.
  4932 | D:6      | 4932 ||| FLEEEEING.
  4937 | D:6      | 4937 ||| FLEEEEING.
  4968 | D:6      | Found a sacrificial altar of Ru.
  5056 | D:6      | Noticed Sigmund
  5057 | D:6      | 5057 ||| DRINKING 3 potions of curing.
  5057 | D:6      | 5057 ||| (to cure confusion)
  5061 | D:6      | 5061 ||| DRINKING 2 potions of curing.
  5061 | D:6      | 5061 ||| (to cure confusion)
  5077 | D:6      | Killed Sigmund
  5077 | D:6      | Reached * piety under Okawaru
  5078 | D:6      | Reached skill level 6 in Axes
  5229 | D:6      | Reached skill level 1 in Invocations
  5234 | D:6      | 5234 ||| FLEEEEING.
  5235 | D:6      | 5235 ||| FLEEEEING.
  5236 | D:6      | 5236 ||| FLEEEEING.
  5237 | D:6      | 5237 ||| FLEEEEING.
  5238 | D:6      | 5238 ||| FLEEEEING.
  5239 | D:6      | 5239 ||| FLEEEEING.
  5321 | D:6      | Reached XP level 9. HP: 54/54 MP: 10/10
  5345 | D:6      | 5345 ||| READING scroll of brand weapon.
  5345 | D:6      | 5345 ||| BRANDING +2 war axe of freezing.
  5403 | D:6      | Reached skill level 1 in Dodging
  5438 | D:6      | 5438 ||| Stepping ~*~*~tactically~*~*~ (stealth).
  5447 | D:6      | Reached skill level 3 in Invocations
  5570 | D:6      | 5570 ||| DRINKING 2 yellow potions.
  5571 | D:6      | 5571 ||| DROPPING potion of degeneration.
  5695 | D:6      | Found a white marble altar of Elyvilon.
  5729 | D:6      | Found a snail-covered altar of Cheibriados.
  5826 | D:6      | 5826 ||| UPGRADING to amulet of faith.
  5877 | D:6      | Found a radiant altar of Vehumet.
  5883 | D:6      | 5883 ||| UPGRADING to +0 pair of boots.
  5912 | D:7      | 5912 ||| FLEEEEING.
  5913 | D:7      | 5913 ||| FLEEEEING.
  5914 | D:7      | 5914 ||| FLEEEEING.
  5915 | D:7      | 5915 ||| FLEEEEING.
  5917 | D:7      | 5917 ||| FLEEEEING.
  5918 | D:7      | 5918 ||| FLEEEEING.
  5919 | D:7      | 5919 ||| FLEEEEING.
  5924 | D:7      | 5924 ||| INVOKING Heroism.
  5926 | D:7      | Reached ** piety under Okawaru
  5931 | D:7      | HP: 9/54 [wyvern (7)]
  5932 | D:7      | 5932 ||| READING scroll of teleportation.
  5933 | D:7      | 5933 ||| DRINKING 2 potions of heal wounds.
  5936 | D:7      | 5936 ||| DRINKING potion of curing.
  5936 | D:7      | 5936 ||| (to cure confusion)
  5942 | D:7      | Reached skill level 10 in Shields
  5942 | D:7      | 5942 ||| INVOKING Heroism.
  6203 | D:7      | Found a blossoming altar of Fedhas.
  6363 | D:7      | Found a runed translucent door.
  6364 | D:7      | Noticed Crazy Yiuf
  6495 | D:7      | 6495 ||| UPGRADING to +0 plate armour.
  6505 | D:7      | 6505 ||| DROPPING +0 chain mail.
  6506 | D:7      | 6506 ||| READING 4 scrolls labelled XUUQEA GERESCH.
  6507 | D:7      | 6507 ||| DRINKING 2 glowing clear potions.
  6508 | D:7      | 6508 ||| READING 3 scrolls of identify.
  6508 | D:7      | 6508 ||| IDENTIFYING sapphire potion
  6509 | D:7      | 6509 ||| READING 2 scrolls of identify.
  6509 | D:7      | 6509 ||| IDENTIFYING purple potion
  6510 | D:7      | 6510 ||| DROPPING potion of ambrosia.
  6511 | D:7      | 6511 ||| DROPPING potion of berserk rage.
  6575 | D:8      | Noticed a two-headed ogre
  6576 | D:8      | 6576 ||| INVOKING Heroism.
  6582 | D:8      | Killed a two-headed ogre
  6582 | D:8      | Reached *** piety under Okawaru
  6583 | D:8      | Reached skill level 6 in Armour
  6583 | D:8      | Reached XP level 10. HP: 59/59 MP: 11/13
  6608 | D:8      | Found a runed translucent gate.
  6608 | D:8      | Found a runed translucent gate.
  6608 | D:8      | Found a runed translucent gate.
  6614 | D:8      | Noticed qw's ghost (novice GrFi)
  6659 | D:8      | 6659 ||| SWAPPING to +3 war axe.
  6660 | D:8      | 6660 ||| DROPPING +0 hand axe.
  6661 | D:8      | 6661 ||| DROPPING +1 hand axe.
  6662 | D:8      | 6662 ||| DROPPING +0 vampiric hand axe.
  6663 | D:8      | 6663 ||| DROPPING +2 war axe of chaos.
  6725 | D:8      | 6725 ||| DRINKING 2 potions of curing.
  6725 | D:8      | 6725 ||| (to cure confusion)
  6765 | D:8      | 6765 ||| Stepping ~*~*~tactically~*~*~ (hiding).
  6766 | D:8      | 6766 ||| Stepping ~*~*~tactically~*~*~ (hiding).
  6767 | D:8      | 6767 ||| Stepping ~*~*~tactically~*~*~ (hiding).
  6769 | D:8      | 6769 ||| Stepping ~*~*~tactically~*~*~ (hiding).
  6888 | D:8      | Identified the +12 war axe of Fysuluab {pain, Drain rCorr
                  | Int+4}
  6890 | D:8      | 6890 ||| SWAPPING to +12 war axe of Fysuluab {pain, Drain
                  | rCorr Int+4}.
  6936 | D:8      | Found a stormy altar of Qazlal.
  6970 | D:8      | 6970 ||| Stepping ~*~*~tactically~*~*~ (hiding).
  6977 | D:8      | 6977 ||| DRINKING potion of curing.
  6977 | D:8      | 6977 ||| (to cure confusion)
  6986 | D:8      | 6986 ||| Stepping ~*~*~tactically~*~*~ (stealth).
  7143 | D:8      | Noticed a two-headed ogre
  7144 | D:8      | 7144 ||| INVOKING Heroism.
  7153 | D:8      | Killed a two-headed ogre
  7153 | D:8      | Reached **** piety under Okawaru
  7586 | D:9      | 7586 ||| Stepping ~*~*~tactically~*~*~ (hiding).
  7592 | D:9      | 7592 ||| INVOKING Heroism.
  7604 | D:9      | 7604 ||| Stepping ~*~*~tactically~*~*~ (hiding).
  7607 | D:9      | 7607 ||| INVOKING Heroism.
  7623 | D:9      | Reached skill level 11 in Shields
  7664 | D:9      | 7664 ||| INVOKING Heroism.
  7762 | D:9      | 7762 ||| DROPPING +0 morningstar.
  7794 | D:9      | 7794 ||| READING scroll of enchant armour.
  7794 | D:9      | 7794 ||| ENCHANTING +0 pair of gloves.
  7803 | D:9      | 7803 ||| INVOKING Heroism.
  7836 | D:9      | 7836 ||| FLEEEEING.
  7844 | D:9      | 7844 ||| INVOKING Heroism.
  8077 | D:9      | Noticed a two-headed ogre
  8078 | D:9      | 8078 ||| INVOKING Heroism.
  8082 | D:9      | Killed a two-headed ogre
  8111 | D:9      | 8111 ||| READING scroll of enchant armour.
  8111 | D:9      | 8111 ||| ENCHANTING +1 pair of gloves.
  8213 | D:9      | 8213 ||| Stepping ~*~*~tactically~*~*~ (hiding).
  8233 | D:9      | 8233 ||| READING scroll of enchant armour.
  8233 | D:9      | 8233 ||| ENCHANTING +1 helmet.
  8259 | D:9      | Noticed Joseph
  8262 | D:9      | 8262 ||| Stepping ~*~*~tactically~*~*~ (hiding).
  8272 | D:9      | Killed Joseph
  8285 | D:9      | 8285 ||| Stepping ~*~*~tactically~*~*~ (stealth).
  8412 | D:9      | Found Ynuqefon's General Store.
  8420 | D:9      | 8420 ||| BUYING amulet of guardian spirit (510 gold).
  8420 | D:9      | Bought an amulet of guardian spirit for 510 gold pieces
  8420 | D:9      | 8420 ||| SHOPLISTING potion of lignification (51 gold, have
                  | 17).
  8420 | D:9      | 8420 ||| SHOPLISTING scroll of identify (34 gold, have 17).
  8547 | D:9      | 8547 ||| FLEEEEING.
  8552 | D:9      | 8552 ||| FLEEEEING.
  8553 | D:9      | 8553 ||| FLEEEEING.
  8554 | D:9      | 8554 ||| FLEEEEING.
  8555 | D:9      | 8555 ||| FLEEEEING.
  8556 | D:9      | 8556 ||| FLEEEEING.
  8557 | D:9      | 8557 ||| FLEEEEING.
  8558 | D:9      | 8558 ||| FLEEEEING.
  8559 | D:9      | 8559 ||| FLEEEEING.
  8560 | D:9      | 8560 ||| FLEEEEING.
  8561 | D:9      | 8561 ||| FLEEEEING.
  8562 | D:9      | 8562 ||| FLEEEEING.
  8619 | D:9      | Noticed a boulder beetle
  8622 | D:9      | 8622 ||| INVOKING Heroism.
  8627 | D:9      | 8627 ||| Stepping ~*~*~tactically~*~*~ (stealth).
  8628 | D:9      | 8628 ||| Stepping ~*~*~tactically~*~*~ (stealth).
  8639 | D:9      | 8639 ||| INVOKING Heroism.
  8640 | D:9      | 8640 ||| Stepping ~*~*~tactically~*~*~ (hiding).
  8652 | D:9      | Killed a boulder beetle
  8653 | D:9      | Reached XP level 11. HP: 65/67 MP: 12/15
  8690 | D:9      | Noticed a two-headed ogre
  8691 | D:9      | 8691 ||| INVOKING Heroism.
  8694 | D:9      | Killed a two-headed ogre
  8695 | D:9      | Reached skill level 6 in Invocations
  8710 | D:9      | Noticed a manticore
  8711 | D:9      | 8711 ||| READING scroll labelled SUEXYKLIQINY.
  8716 | D:9      | 8716 ||| FLEEEEING.
  8720 | D:9      | 8720 ||| FLEEEEING.
  8721 | D:9      | 8721 ||| FLEEEEING.
  8722 | D:9      | 8722 ||| FLEEEEING.
  8723 | D:9      | 8723 ||| FLEEEEING.
  8724 | D:9      | 8724 ||| FLEEEEING.
  8725 | D:9      | 8725 ||| FLEEEEING.
  8726 | D:9      | 8726 ||| FLEEEEING.
  8727 | D:9      | 8727 ||| FLEEEEING.
  8734 | D:9      | 8734 ||| FLEEEEING.
  8735 | D:9      | 8735 ||| FLEEEEING.
  8736 | D:9      | 8736 ||| FLEEEEING.
  8737 | D:9      | 8737 ||| FLEEEEING.
  8738 | D:9      | 8738 ||| FLEEEEING.
  8739 | D:9      | 8739 ||| FLEEEEING.
  8740 | D:9      | 8740 ||| FLEEEEING.
  8741 | D:9      | 8741 ||| FLEEEEING.
  8784 | D:9      | 8784 ||| INVOKING Heroism.
  8795 | D:9      | Killed a manticore
  8796 | D:9      | Reached skill level 9 in Axes
  8834 | D:9      | 8834 ||| Stepping ~*~*~tactically~*~*~ (stealth).
  8835 | D:9      | 8835 ||| INVOKING Heroism.
  8894 | D:9      | Noticed a two-headed ogre
  8895 | D:9      | 8895 ||| INVOKING Heroism.
  8903 | D:9      | Killed a two-headed ogre
  8956 | D:9      | Noticed a boulder beetle
  8957 | D:9      | 8957 ||| Stepping ~*~*~tactically~*~*~ (stealth).
  8958 | D:9      | Noticed a tengu warrior
  8959 | D:9      | 8959 ||| INVOKING Heroism.
  8961 | D:9      | Noticed a centaur warrior
  8968 | D:9      | Killed a tengu warrior
  8972 | D:9      | Noticed a rakshasa
  8973 | D:9      | Killed a centaur warrior
  8973 | D:9      | Reached ***** piety under Okawaru
  8974 | D:9      | 8974 ||| Stepping ~*~*~tactically~*~*~ (hiding).
  8975 | D:9      | 8975 ||| INVOKING Finesse.
  8995 | D:9      | Killed a rakshasa
  8996 | D:9      | Noticed a two-headed ogre
  8997 | D:9      | 8997 ||| Stepping ~*~*~tactically~*~*~ (stealth).
  9002 | D:9      | 9002 ||| INVOKING Heroism.
  9008 | D:9      | Killed a boulder beetle
  9009 | D:9      | Reached skill level 12 in Shields
  9049 | D:9      | Noticed a boulder beetle
  9050 | D:9      | 9050 ||| Stepping ~*~*~tactically~*~*~ (stealth).
  9051 | D:9      | 9051 ||| INVOKING Heroism.
  9052 | D:9      | 9052 ||| INVOKING Finesse.
  9069 | D:9      | Killed a boulder beetle
  9104 | D:9      | 9104 ||| FLEEEEING.
  9105 | D:9      | 9105 ||| FLEEEEING.
  9106 | D:9      | 9106 ||| FLEEEEING.
  9107 | D:9      | 9107 ||| FLEEEEING.
  9108 | D:9      | 9108 ||| FLEEEEING.
  9109 | D:9      | 9109 ||| FLEEEEING.
  9111 | D:9      | 9111 ||| FLEEEEING.
  9112 | D:9      | 9112 ||| FLEEEEING.
  9113 | D:9      | 9113 ||| FLEEEEING.
  9114 | D:9      | 9114 ||| FLEEEEING.
  9116 | D:9      | 9116 ||| FLEEEEING.
  9117 | D:9      | 9117 ||| FLEEEEING.
  9119 | D:9      | 9119 ||| FLEEEEING.
  9120 | D:9      | 9120 ||| FLEEEEING.
  9121 | D:9      | 9121 ||| FLEEEEING.
  9122 | D:9      | 9122 ||| FLEEEEING.
  9123 | D:9      | 9123 ||| INVOKING Heroism.
  9128 | D:9      | Killed a two-headed ogre
  9183 | D:9      | 9183 ||| Stepping ~*~*~tactically~*~*~ (hiding).
  9193 | D:9      | Reached skill level 9 in Invocations
  9208 | D:9      | Noticed a brown ugly thing
  9209 | D:9      | 9209 ||| DROPPING amulet of guardian spirit.
  9209 | D:9      | Noticed a brown ugly thing
  9215 | D:9      | Killed a purple ugly thing
  9215 | D:9      | Received a gift from Okawaru
  9220 | D:9      | Killed a brown ugly thing
  9221 | D:9      | Reached XP level 12. HP: 62/72 MP: 18/18
  9340 | D:9      | 9340 ||| READING 4 scrolls of identify.
  9340 | D:9      | 9340 ||| IDENTIFYING golden potion
  9341 | D:9      | 9341 ||| READING 3 scrolls of identify.
  9341 | D:9      | 9341 ||| IDENTIFYING sedimented silvery potion
  9342 | D:9      | 9342 ||| READING 2 scrolls of identify.
  9342 | D:9      | 9342 ||| IDENTIFYING viscous ruby potion
  9384 | D:10     | Entered Level 10 of the Dungeon
  9472 | D:10     | 9472 ||| Stepping ~*~*~tactically~*~*~ (stealth).
  9473 | D:10     | 9473 ||| Stepping ~*~*~tactically~*~*~ (stealth).
  9489 | D:10     | Reached skill level 3 in Throwing
  9566 | D:10     | 9566 ||| Stepping ~*~*~tactically~*~*~ (stealth).
  9567 | D:10     | 9567 ||| Stepping ~*~*~tactically~*~*~ (stealth).
  9568 | D:10     | 9568 ||| Stepping ~*~*~tactically~*~*~ (stealth).
  9571 | D:10     | 9571 ||| Stepping ~*~*~tactically~*~*~ (stealth).
  9572 | D:10     | 9572 ||| Stepping ~*~*~tactically~*~*~ (stealth).
  9573 | D:10     | 9573 ||| Stepping ~*~*~tactically~*~*~ (stealth).
  9656 | D:10     | Noticed a two-headed ogre
  9665 | D:10     | Killed a two-headed ogre
  9665 | D:10     | Received a gift from Okawaru
  9828 | D:10     | Found a glowing golden altar of the Shining One.
  9830 | D:10     | Noticed Amaemon
  9863 | D:10     | 9863 ||| Stepping ~*~*~tactically~*~*~ (stealth).
  9866 | D:10     | 9866 ||| Stepping ~*~*~tactically~*~*~ (stealth).
  9877 | D:10     | Received a gift from Okawaru
  9937 | D:10     | Found Kyipog's Specific Store.
  9941 | D:10     | Found Esathol's General Store.
  9948 | D:10     | 9948 ||| SHOPLISTING scroll of enchant armour (90 gold,
                  | have 85).
  9948 | D:10     | 9948 ||| SHOPLISTING scroll of enchant weapon (90 gold,
                  | have 85).
  9952 | D:10     | 9952 ||| BUYING potion of heal wounds (70 gold).
  9952 | D:10     | Bought a potion of heal wounds for 70 gold pieces
 10002 | D:10     | 10002 ||| INVOKING Heroism.
 10013 | D:10     | Killed Amaemon
 10057 | D:10     | 10057 ||| Stepping ~*~*~tactically~*~*~ (stealth).
 10059 | D:10     | 10059 ||| Stepping ~*~*~tactically~*~*~ (stealth).
 10071 | D:10     | Noticed a sun demon
 10187 | D:10     | Found a shadowy altar of Dithmenos.
 10193 | D:10     | Found a basalt altar of Yredelemnul.
 10256 | D:10     | 10256 ||| INVOKING Heroism.
 10349 | D:10     | 10349 ||| INVOKING Heroism.
 10356 | D:10     | Reached skill level 13 in Shields
 10364 | D:10     | Found a staircase to the Lair.
 10513 | D:10     | 10513 ||| PLANNING LAIR
 10606 | Lair:1   | Entered Level 1 of the Lair of Beasts
 10607 | Lair:1   | 10607 ||| PLANNING GAUNTLET
 10607 | Lair:1   | 10607 ||| INVOKING Heroism.
 10618 | Lair:1   | Received a gift from Okawaru
 10677 | Lair:1   | 10677 ||| DROPPING +3 war axe.
 10685 | Lair:1   | 10685 ||| Stepping ~*~*~tactically~*~*~ (stealth).
 10686 | Lair:1   | 10686 ||| Stepping ~*~*~tactically~*~*~ (stealth).
 10734 | Lair:1   | 10734 ||| INVOKING Heroism.
 10804 | Lair:1   | Found a gate leading to a gauntlet.
 10813 | Gauntlet | Entered a Gauntlet
 10813 | Gauntlet | Found a transporter.
 10813 | Gauntlet | Found a transporter.
 10821 | Gauntlet | Found a transporter.
 10821 | Gauntlet | Noticed a catoblepas
 10825 | Gauntlet | Found a transporter.
 10836 | Gauntlet | Found a transporter.
 10837 | Gauntlet | Found a transporter.
 10845 | Gauntlet | Found a transporter.
 10859 | Gauntlet | Noticed a thrashing horror
 10862 | Gauntlet | Found a transporter.
 10863 | Gauntlet | Noticed a thrashing horror
 10877 | Gauntlet | Found a transporter.
 10881 | Gauntlet | Found a transporter.
 10892 | Gauntlet | Found a transporter.
 10893 | Gauntlet | Found a transporter.
 10940 | Gauntlet | 10940 ||| INVOKING Heroism.
 11013 | Gauntlet | 11013 ||| UPGRADING to +1 pair of boots of flying.
 11023 | Gauntlet | 11023 ||| DROPPING +0 pair of boots.
 11080 | Gauntlet | Identified the ring of Youthful Indiscretion {Ice Dex+2
                  | Stlth+}
 11093 | Gauntlet | 11093 ||| INVOKING Heroism.
 11094 | Gauntlet | 11094 ||| INVOKING Finesse.
 11146 | Gauntlet | 11146 ||| DROPPING ring of magical power.
 11158 | Gauntlet | Identified the staff "Soydocipt" {Fly rPois Poison}
 11158 | Gauntlet | Noticed a minotaur
 11159 | Gauntlet | 11159 ||| INVOKING Heroism.
 11160 | Gauntlet | 11160 ||| INVOKING Finesse.
 11171 | Gauntlet | Killed a minotaur
 11250 | Gauntlet | 11250 ||| READING scroll labelled ORIADE TAZO.
 11262 | Lair:1   | 11262 ||| PLANNING LAIR
 11372 | Lair:1   | Reached XP level 13. HP: 78/78 MP: 20/20
 11599 | Lair:1   | 11599 ||| INVOKING Heroism.
 11614 | Lair:1   | 11614 ||| INVOKING Heroism.
 11733 | Lair:1   | Reached skill level 9 in Fighting
 11734 | Lair:1   | 11734 ||| INVOKING Heroism.
 11800 | Lair:1   | 11800 ||| INVOKING Heroism.
 11815 | Lair:1   | Reached skill level 14 in Shields
 12036 | Lair:1   | 12036 ||| INVOKING Heroism.
 12182 | Lair:1   | Noticed Harold
 12184 | Lair:1   | 12184 ||| Stepping ~*~*~tactically~*~*~ (hiding).
 12185 | Lair:1   | 12185 ||| Stepping ~*~*~tactically~*~*~ (hiding).
 12187 | Lair:1   | 12187 ||| INVOKING Heroism.
 12199 | Lair:1   | Killed Harold
 12551 | Lair:2   | 12551 ||| INVOKING Heroism.
 12556 | Lair:2   | Reached skill level 12 in Axes
 12597 | Lair:2   | 12597 ||| Stepping ~*~*~tactically~*~*~ (stealth).
 12601 | Lair:2   | 12601 ||| INVOKING Heroism.
 12602 | Lair:2   | 12602 ||| INVOKING Finesse.
 12611 | Lair:2   | Received a gift from Okawaru
 12615 | Lair:2   | 12615 ||| SWAPPING to +1 demon whip of venom.
 12621 | Lair:2   | Reached skill level 9 in Armour
 12621 | Lair:2   | 12621 ||| SWAPPING to +12 war axe of Fysuluab {pain, Drain
                  | rCorr Int+4}.
 12731 | Lair:2   | 12731 ||| INVOKING Heroism.
 12802 | Lair:2   | 12802 ||| INVOKING Heroism.
 12846 | Lair:2   | 12846 ||| INVOKING Heroism.
 12875 | Lair:2   | Identified the +7 glaive of the Doomed Warrior {venom,
                  | Dex+2} (Okawaru gifted it to you on level 2 of the Lair of
                  | Beasts)
 12875 | Lair:2   | Received a gift from Okawaru
 13348 | Lair:2   | 13348 ||| READING 7 scrolls of identify.
 13348 | Lair:2   | 13348 ||| IDENTIFYING smoky red potion
 13392 | Lair:3   | 13392 ||| READING scroll of enchant armour.
 13392 | Lair:3   | 13392 ||| ENCHANTING +1 pair of boots of flying.
 13504 | Lair:3   | 13504 ||| INVOKING Heroism.
 13640 | Lair:3   | 13640 ||| Stepping ~*~*~tactically~*~*~ (stealth).
 13641 | Lair:3   | 13641 ||| INVOKING Heroism.
 13672 | Lair:3   | 13672 ||| Stepping ~*~*~tactically~*~*~ (hiding).
 13678 | Lair:3   | 13678 ||| INVOKING Heroism.
 13683 | Lair:3   | Received a gift from Okawaru
 13684 | Lair:3   | Gained mutation: Your large and strong wings let you fly.
                  | [Gargoyle growth]
 13684 | Lair:3   | Reached XP level 14. HP: 88/88 MP: 18/21
 14013 | Lair:3   | 14013 ||| READING scroll of enchant armour.
 14013 | Lair:3   | 14013 ||| ENCHANTING +0 plate armour.
 14151 | Lair:3   | 14151 ||| Stepping ~*~*~tactically~*~*~ (hiding).
 14204 | Lair:3   | Found a hole to the Spider Nest.
 14247 | Lair:3   | 14247 ||| INVOKING Heroism.
 14249 | Lair:3   | 14249 ||| Stepping ~*~*~tactically~*~*~ (hiding).
 14266 | Lair:3   | 14266 ||| INVOKING Finesse.
 14272 | Lair:3   | 14272 ||| SWAPPING to +1 demon whip of venom.
 14275 | Lair:3   | 14275 ||| SWAPPING to +12 war axe of Fysuluab {pain, Drain
                  | rCorr Int+4}.
 14313 | Lair:3   | Found a staircase to the Swamp.
 14579 | Lair:3   | 14579 ||| INVOKING Heroism.
 14583 | Lair:3   | 14583 ||| SWAPPING to +1 demon whip of venom.
 14591 | Lair:3   | Reached skill level 15 in Shields
 14591 | Lair:3   | 14591 ||| SWAPPING to +12 war axe of Fysuluab {pain, Drain
                  | rCorr Int+4}.
 14680 | Lair:3   | 14680 ||| DROPPING amulet of regeneration.
 14681 | Lair:3   | 14681 ||| DROPPING amulet of magic regeneration.
 14682 | Lair:3   | 14682 ||| READING 6 scrolls of identify.
 14682 | Lair:3   | 14682 ||| IDENTIFYING smoky dark potion
 14683 | Lair:3   | 14683 ||| DROPPING potion of invisibility.
 14947 | Lair:4   | 14947 ||| Stepping ~*~*~tactically~*~*~ (hiding).
 14948 | Lair:4   | 14948 ||| Stepping ~*~*~tactically~*~*~ (hiding).
 15005 | Lair:4   | Found a viscous altar of Jiyva.
 15008 | Lair:4   | 15008 ||| Stepping ~*~*~tactically~*~*~ (stealth).
 15037 | Lair:4   | Found a staircase to the Slime Pits.
 15067 | Lair:4   | 15067 ||| Stepping ~*~*~tactically~*~*~ (stealth).
 15070 | Lair:4   | Identified the +6 dagger of Ziofaoc {heavy, rPois Will-
                  | Str+3}
 15110 | Lair:4   | 15110 ||| Stepping ~*~*~tactically~*~*~ (stealth).
 15132 | Lair:4   | 15132 ||| INVOKING Heroism.
 15133 | Lair:4   | 15133 ||| INVOKING Finesse.
 15198 | Lair:4   | 15198 ||| Stepping ~*~*~tactically~*~*~ (stealth).
 15411 | Lair:4   | 15411 ||| INVOKING Heroism.
 15412 | Lair:4   | 15412 ||| INVOKING Finesse.
 15441 | Lair:4   | 15441 ||| Stepping ~*~*~tactically~*~*~ (stealth).
 15442 | Lair:4   | 15442 ||| Stepping ~*~*~tactically~*~*~ (stealth).
 15443 | Lair:4   | 15443 ||| Stepping ~*~*~tactically~*~*~ (stealth).
 15470 | Lair:4   | 15470 ||| Stepping ~*~*~tactically~*~*~ (stealth).
 15592 | Lair:4   | 15592 ||| READING 6 scrolls of identify.
 15592 | Lair:4   | 15592 ||| IDENTIFYING fizzy cyan potion
 15626 | Lair:5   | Entered Level 5 of the Lair of Beasts
 15627 | Lair:5   | 15627 ||| INVOKING Heroism.
 15628 | Lair:5   | 15628 ||| INVOKING Finesse.
 15629 | Lair:5   | 15629 ||| SWAPPING to +1 demon whip of venom.
 15638 | Lair:5   | 15638 ||| SWAPPING to +12 war axe of Fysuluab {pain, Drain
                  | rCorr Int+4}.
 15819 | Lair:5   | 15819 ||| Stepping ~*~*~tactically~*~*~ (stealth).
 15910 | Lair:5   | 15910 ||| INVOKING Heroism.
 16000 | Lair:5   | 16000 ||| Stepping ~*~*~tactically~*~*~ (hiding).
 16113 | Lair:5   | 16113 ||| INVOKING Heroism.
 16114 | Lair:5   | 16114 ||| INVOKING Finesse.
 16171 | Lair:5   | 16171 ||| Stepping ~*~*~tactically~*~*~ (stealth).
 16182 | Lair:5   | 16182 ||| INVOKING Heroism.
 16183 | Lair:5   | 16183 ||| INVOKING Finesse.
 16239 | Lair:5   | 16239 ||| Stepping ~*~*~tactically~*~*~ (hiding).
 16243 | Lair:5   | 16243 ||| Stepping ~*~*~tactically~*~*~ (hiding).
 16244 | Lair:5   | 16244 ||| INVOKING Heroism.
 16245 | Lair:5   | 16245 ||| Stepping ~*~*~tactically~*~*~ (stealth).
 16264 | Lair:5   | 16264 ||| INVOKING Finesse.
 16405 | Lair:5   | 16405 ||| INVOKING Heroism.
 16429 | Lair:5   | 16429 ||| INVOKING Finesse.
 16511 | Lair:5   | 16511 ||| INVOKING Heroism.
 16604 | Lair:5   | 16604 ||| INVOKING Heroism.
 16605 | Lair:5   | 16605 ||| INVOKING Finesse.
 16611 | Lair:5   | Received a gift from Okawaru
 16617 | Lair:5   | Reached XP level 15. HP: 93/93 MP: 15/22
 16619 | Lair:5   | 16619 ||| Stepping ~*~*~tactically~*~*~ (stealth).
 16622 | Lair:5   | 16622 ||| Stepping ~*~*~tactically~*~*~ (stealth).
 16654 | Lair:5   | 16654 ||| Stepping ~*~*~tactically~*~*~ (stealth).
 17208 | Lair:5   | 17208 ||| PLANNING D:1-11
 17429 | D:11     | Found a frozen archway.
 17433 | D:11     | 17433 ||| FLEEEEING.
 17442 | D:11     | 17442 ||| STAIRDANCE
 17552 | D:11     | 17552 ||| Stepping ~*~*~tactically~*~*~ (hiding).
 17553 | D:11     | 17553 ||| INVOKING Heroism.
 17564 | D:11     | Reached skill level 16 in Shields
 17571 | D:11     | Received a gift from Okawaru
 18202 | D:11     | 18202 ||| PLANNING D
 18202 | D:11     | 18202 ||| UPGRADING to +1 plate armour of fire resistance.
 18212 | D:11     | 18212 ||| DROPPING +1 plate armour.
 18213 | D:11     | 18213 ||| READING scroll labelled QAHIUZUUXT.
 18213 | D:11     | Identified a scroll of acquirement
 18213 | D:11     | 18213 ||| ACQUIRING +0 broad axe of flaming
 18213 | D:11     | Acquired a +0 broad axe of flaming
 18215 | D:11     | 18215 ||| SWAPPING to +0 broad axe of flaming.
 18216 | D:11     | 18216 ||| DROPPING +1 morningstar of holy wrath.
 18217 | D:11     | 18217 ||| DROPPING +1 demon whip of venom.
 18218 | D:11     | 18218 ||| DROPPING +0 broad axe of venom.
 18219 | D:11     | 18219 ||| READING scroll of brand weapon.
 18219 | D:11     | 18219 ||| BRANDING +0 broad axe of flaming.
 18220 | D:11     | 18220 ||| READING scroll of enchant weapon.
 18220 | D:11     | 18220 ||| ENCHANTING +0 spectral broad axe.
 18487 | D:12     | Noticed Psyche
 18488 | D:12     | 18488 ||| Stepping ~*~*~tactically~*~*~ (hiding).
 18490 | D:12     | 18490 ||| Stepping ~*~*~tactically~*~*~ (hiding).
 18495 | D:12     | Killed Psyche
 18552 | D:12     | 18552 ||| Stepping ~*~*~tactically~*~*~ (hiding).
 18553 | D:12     | 18553 ||| Stepping ~*~*~tactically~*~*~ (hiding).
 18556 | D:12     | 18556 ||| Stepping ~*~*~tactically~*~*~ (hiding).
 18908 | D:12     | Found a staircase to the Orcish Mines.
 19145 | D:13     | 19145 ||| FLEEEEING.
 19146 | D:13     | 19146 ||| FLEEEEING.
 19154 | D:13     | 19154 ||| STAIRDANCE
 19180 | D:12     | 19180 ||| DROPPING ring of positive energy.
 19181 | D:12     | 19181 ||| UPGRADING to +4 ring of protection.
 19250 | D:13     | 19250 ||| Stepping ~*~*~tactically~*~*~ (hiding).
 19262 | D:13     | 19262 ||| INVOKING Heroism.
 19270 | D:13     | Reached skill level 15 in Axes
 19287 | D:13     | Found a gate to the Vaults.
 19288 | D:13     | HP: 18/90 [vault guard/+0 glaive (8)]
 19289 | D:13     | 19289 ||| READING 5 scrolls of teleportation.
 19290 | D:13     | 19290 ||| DRINKING 5 potions of heal wounds.
 19292 | D:13     | 19292 ||| DRINKING 4 potions of heal wounds.
 19295 | D:13     | 19295 ||| INVOKING Finesse.
 19299 | D:13     | 19299 ||| SWAPPING to +0 flail.
 19300 | D:13     | 19300 ||| INVOKING Heroism.
 19308 | D:13     | 19308 ||| SWAPPING to +1 spectral broad axe.
 19365 | D:13     | 19365 ||| INVOKING Heroism.
 19525 | D:13     | 19525 ||| Stepping ~*~*~tactically~*~*~ (hiding).
 19632 | D:13     | Found Afraung's Weapon Shoppe.
 19641 | D:13     | 19641 ||| BUYING +1 flail of protection (134 gold).
 19641 | D:13     | Bought a +1 flail of protection for 134 gold pieces
 19641 | D:13     | 19641 ||| DROPPING +0 flail.
 19657 | D:13     | 19657 ||| Stepping ~*~*~tactically~*~*~ (stealth).
 19725 | D:13     | 19725 ||| Stepping ~*~*~tactically~*~*~ (hiding).
 19824 | D:13     | 19824 ||| Stepping ~*~*~tactically~*~*~ (hiding).
 19845 | D:13     | Found a broken altar of Ashenzari.
 19895 | D:13     | 19895 ||| Stepping ~*~*~tactically~*~*~ (stealth).
 19901 | D:13     | 19901 ||| Stepping ~*~*~tactically~*~*~ (hiding).
 19945 | D:13     | 19945 ||| Stepping ~*~*~tactically~*~*~ (stealth).
 20271 | D:14     | 20271 ||| Stepping ~*~*~tactically~*~*~ (stealth).
 20281 | D:14     | 20281 ||| Stepping ~*~*~tactically~*~*~ (hiding).
 20426 | D:14     | Found a large runed translucent door.
 20431 | D:14     | Found a large runed translucent door.
 20458 | D:14     | 20458 ||| INVOKING Heroism.
 20459 | D:14     | 20459 ||| INVOKING Finesse.
 20460 | D:14     | 20460 ||| SWAPPING to +1 flail of protection.
 20468 | D:14     | 20468 ||| SWAPPING to +1 spectral broad axe.
 20604 | D:14     | Noticed Lupuqaw's ghost (journeyman GrFi)
 20618 | D:14     | 20618 ||| Stepping ~*~*~tactically~*~*~ (hiding).
 20619 | D:14     | 20619 ||| Stepping ~*~*~tactically~*~*~ (hiding).
 20626 | D:14     | 20626 ||| Stepping ~*~*~tactically~*~*~ (hiding).
 20672 | D:14     | Reached skill level 12 in Fighting
 20986 | D:15     | Entered Level 15 of the Dungeon
 21000 | D:15     | 21000 ||| Stepping ~*~*~tactically~*~*~ (hiding).
 21021 | D:15     | 21021 ||| Stepping ~*~*~tactically~*~*~ (stealth).
 21023 | D:15     | 21023 ||| Stepping ~*~*~tactically~*~*~ (stealth).
 21025 | D:15     | 21025 ||| Stepping ~*~*~tactically~*~*~ (stealth).
 21032 | D:15     | 21032 ||| INVOKING Heroism.
 21034 | D:15     | 21034 ||| Stepping ~*~*~tactically~*~*~ (hiding).
 21097 | D:15     | Reached XP level 16. HP: 98/101 MP: 23/23
 21237 | D:15     | Identified Roxanne's Compilation of the Syncline
 21237 | D:15     | Noticed Roxanne
 21238 | D:15     | 21238 ||| INVOKING Heroism.
 21239 | D:15     | 21239 ||| INVOKING Finesse.
 21264 | D:15     | Killed Roxanne
 21390 | D:15     | 21390 ||| Stepping ~*~*~tactically~*~*~ (stealth).
 21393 | D:15     | 21393 ||| Stepping ~*~*~tactically~*~*~ (stealth).
 21396 | D:15     | 21396 ||| Stepping ~*~*~tactically~*~*~ (hiding).
 21410 | D:15     | Received a gift from Okawaru
 21414 | D:15     | 21414 ||| INVOKING Heroism.
 21429 | D:15     | Received a gift from Okawaru
 21658 | D:15     | Found a staircase to the Depths.
 21720 | D:15     | 21720 ||| PLANNING ORC
 21795 | Orc:1    | Entered Level 1 of the Orcish Mines
 21795 | Orc:1    | Noticed Jorgrun
 21796 | Orc:1    | 21796 ||| INVOKING Heroism.
 21797 | Orc:1    | 21797 ||| INVOKING Finesse.
 21815 | Orc:1    | Killed Jorgrun
 21889 | Orc:1    | 21889 ||| INVOKING Heroism.
 21924 | Orc:1    | 21924 ||| INVOKING Heroism.
 22084 | Orc:1    | 22084 ||| Stepping ~*~*~tactically~*~*~ (hiding).
 22085 | Orc:1    | 22085 ||| Stepping ~*~*~tactically~*~*~ (hiding).
 22094 | Orc:1    | 22094 ||| Stepping ~*~*~tactically~*~*~ (hiding).
 22107 | Orc:1    | 22107 ||| INVOKING Heroism.
 22280 | Orc:2    | Entered Level 2 of the Orcish Mines
 22280 | Orc:2    | Found a staircase to the Elven Halls.
 22418 | Orc:2    | 22418 ||| INVOKING Heroism.
 22423 | Orc:2    | Reached skill level 6 in Throwing
 22438 | Orc:2    | Found Erorun's Distillery.
 22438 | Orc:2    | Found Xiodoh's Antique Armour Emporium.
 22442 | Orc:2    | Found Siqarph's Assorted Antiques.
 22453 | Orc:2    | HP: 21/101 [orc warrior/+0 great mace (10)]
 22454 | Orc:2    | 22454 ||| READING 4 scrolls of teleportation.
 22455 | Orc:2    | 22455 ||| DRINKING 3 potions of heal wounds.
 22462 | Orc:2    | 22462 ||| INVOKING Heroism.
 22467 | Orc:2    | 22467 ||| FLEEEEING.
 22468 | Orc:2    | 22468 ||| FLEEEEING.
 22469 | Orc:2    | 22469 ||| FLEEEEING.
 22470 | Orc:2    | 22470 ||| FLEEEEING.
 22471 | Orc:2    | 22471 ||| FLEEEEING.
 22472 | Orc:2    | 22472 ||| FLEEEEING.
 22486 | Orc:2    | 22486 ||| Stepping ~*~*~tactically~*~*~ (hiding).
 22523 | Orc:2    | 22523 ||| FLEEEEING.
 22767 | Orc:2    | 22767 ||| DROPPING +1 flail of protection.
 22779 | Orc:2    | Found Yziomese's Jewellery Shop.
 22783 | Orc:2    | 22783 ||| BUYING potion of cancellation (112 gold).
 22783 | Orc:2    | Bought a potion of cancellation for 112 gold pieces
 22783 | Orc:2    | 22783 ||| BUYING potion of cancellation (112 gold).
 22783 | Orc:2    | Bought a potion of cancellation for 112 gold pieces
 22783 | Orc:2    | 22783 ||| BUYING potion of curing (42 gold).
 22783 | Orc:2    | Bought a potion of curing for 42 gold pieces
 22783 | Orc:2    | 22783 ||| BUYING potion of curing (42 gold).
 22783 | Orc:2    | Bought a potion of curing for 42 gold pieces
 22783 | Orc:2    | 22783 ||| BUYING potion of enlightenment (70 gold).
 22783 | Orc:2    | Bought a potion of enlightenment for 70 gold pieces
 22783 | Orc:2    | 22783 ||| BUYING potion of haste (140 gold).
 22783 | Orc:2    | Bought a potion of haste for 140 gold pieces
 22783 | Orc:2    | 22783 ||| BUYING potion of mutation (112 gold).
 22783 | Orc:2    | Bought a potion of mutation for 112 gold pieces
 22786 | Orc:2    | 22786 ||| BUYING metallic yellow potion (33 gold).
 22786 | Orc:2    | Bought a metallic yellow potion for 33 gold pieces
 22786 | Orc:2    | 22786 ||| BUYING potion of curing (111 gold).
 22786 | Orc:2    | Bought a potion of curing for 111 gold pieces
 22786 | Orc:2    | 22786 ||| BUYING runed chain mail (277 gold).
 22786 | Orc:2    | Bought a runed chain mail for 277 gold pieces
 22786 | Orc:2    | 22786 ||| SHOPLISTING scroll of brand weapon (351 gold,
                  | have 297).
 22791 | Orc:2    | 22791 ||| SHOPLISTING ring "Amius" {rElec rN+++ Will- EV+5
                  | Int-2} (1001 gold, have 297).
 22806 | Orc:2    | 22806 ||| Stepping ~*~*~tactically~*~*~ (stealth).
 22808 | Orc:2    | 22808 ||| Stepping ~*~*~tactically~*~*~ (stealth).
 22811 | Orc:2    | 22811 ||| INVOKING Heroism.
 22811 | Orc:2    | Noticed Donald
 22821 | Orc:2    | Killed Donald
 22821 | Orc:2    | Received a gift from Okawaru
 22859 | Orc:2    | 22859 ||| DROPPING +0 morningstar.
 23113 | Orc:2    | 23113 ||| Stepping ~*~*~tactically~*~*~ (hiding).
 23115 | Orc:2    | 23115 ||| Stepping ~*~*~tactically~*~*~ (hiding).
 23378 | Orc:2    | 23378 ||| PLANNING SPIDER:1-3
 23378 | Orc:2    | 23378 ||| UPGRADING to +2 plate armour of fire resistance.
 23388 | Orc:2    | 23388 ||| DROPPING +3 chain mail.
 23389 | Orc:2    | 23389 ||| DROPPING +1 plate armour of fire resistance.
 23390 | Orc:2    | 23390 ||| READING 11 scrolls of identify.
 23390 | Orc:2    | 23390 ||| IDENTIFYING metallic yellow potion
 23391 | Orc:2    | 23391 ||| DRINKING potion of experience.
 23391 | Orc:2    | Reached skill level 17 in Shields
 23391 | Orc:2    | Reached XP level 17. HP: 106/106 MP: 24/24
 23595 | Spider:1 | Entered Level 1 of the Spider Nest
 23596 | Spider:1 | 23596 ||| INVOKING Heroism.
 23606 | Spider:1 | Reached skill level 3 in Dodging
 23612 | Spider:1 | HP: 24/106 [orb spider (13)]
 23613 | Spider:1 | 23613 ||| READING 3 scrolls of teleportation.
 23614 | Spider:1 | 23614 ||| DRINKING 2 potions of heal wounds.
 23626 | Spider:1 | HP: 25/106 [orb spider (7)]
 23627 | Spider:1 | 23627 ||| READING 2 scrolls of teleportation.
 23628 | Spider:1 | 23628 ||| DRINKING potion of heal wounds.
 23634 | Spider:1 | HP: 21/106 [jumping spider (9)]
 23635 | Spider:1 | 23635 ||| READING scroll of teleportation.
 23644 | Spider:1 | 23644 ||| INVOKING Heroism.
 23939 | Spider:1 | 23939 ||| INVOKING Heroism.
 24022 | Spider:1 | 24022 ||| Stepping ~*~*~tactically~*~*~ (stealth).
 24025 | Spider:1 | 24025 ||| Stepping ~*~*~tactically~*~*~ (stealth).
 24106 | Spider:1 | 24106 ||| Stepping ~*~*~tactically~*~*~ (hiding).
 24214 | Spider:1 | 24214 ||| INVOKING Heroism.
 24216 | Spider:1 | Reached skill level 12 in Armour
 24217 | Spider:1 | 24217 ||| DRINKING 4 potions of cancellation.
 24417 | Spider:1 | 24417 ||| Stepping ~*~*~tactically~*~*~ (stealth).
 24419 | Spider:1 | 24419 ||| Stepping ~*~*~tactically~*~*~ (stealth).
 24853 | Spider:1 | 24853 ||| DROPPING +6 ring of dexterity.
 24888 | Spider:2 | 24888 ||| Stepping ~*~*~tactically~*~*~ (hiding).
 24891 | Spider:2 | 24891 ||| INVOKING Heroism.
 25052 | Spider:2 | 25052 ||| INVOKING Heroism.
 25114 | Spider:2 | Noticed Louise
 25129 | Spider:2 | Killed Louise
 25201 | Spider:2 | 25201 ||| INVOKING Heroism.
 25321 | Spider:2 | 25321 ||| FLEEEEING.
 25322 | Spider:2 | 25322 ||| FLEEEEING.
 25323 | Spider:2 | 25323 ||| FLEEEEING.
 25324 | Spider:2 | 25324 ||| FLEEEEING.
 25326 | Spider:2 | 25326 ||| FLEEEEING.
 25341 | Spider:2 | 25341 ||| FLEEEEING.
 25516 | Spider:2 | Noticed Arachne
 25516 | Spider:2 | 25516 ||| Stepping ~*~*~tactically~*~*~ (stealth).
 25517 | Spider:2 | 25517 ||| Stepping ~*~*~tactically~*~*~ (hiding).
 25519 | Spider:2 | 25519 ||| Stepping ~*~*~tactically~*~*~ (hiding).
 25520 | Spider:2 | 25520 ||| Stepping ~*~*~tactically~*~*~ (hiding).
 25524 | Spider:2 | 25524 ||| INVOKING Finesse.
 25542 | Spider:2 | Killed Arachne
 25648 | Spider:2 | 25648 ||| INVOKING Heroism.
 25839 | Spider:2 | HP: 18/106 [something (10)]
 25846 | Spider:2 | HP: 9/106 [something (1)]
 25847 | Spider:2 | Slain by a ghost moth

Levels and vault maps discovered:
D:1:      sevenhm_arrival_forest_fort_small_4, layout_basic, eino_curves_02
D:2:      layout_basic, st_stairs_11, hangedman_decor_slide_cut,
          nicolae_concentric_dashed_squares_wild, minmay_misc_feat_hallway,
          kennysheep_potato
D:3:      minmay_general_purpose_star, layout_loops_corners, uniq_terence,
          uniq_ijyb
D:4:      layout_loops_ring, nicolae_overflow_crystal_walls,
          nicolae_gozag_cash_rules_everything_around_me, nrook_mini_vaults
D:5:      layout_rooms, lemuel_crystal_altar, temple_fountains,
          kennysheep_flooded_box, nicolae_half_adder
D:6:      layout_basic, amcnicky_altar_gilded, nicolae_overflow_hidden_temple,
          nicolae_ru_sacrificial_ziggurat, mainiacjoe_overflow_six_doors_small,
          uniq_prince_ribbit1, uniq_sigmund
D:7:      layout_cave_pools, mainiacjoe_overflow_catwalk,
          uniq_crazy_yiuf_cottage
D:8:      layout_gridville, mainiacjoe_overflow_alcove_2,
          gammafunk_ghost_necromancy
D:9:      minmay_the_grid_triangle_9x9_rhombus_full
          [minmay_the_grid_triangle_9x9_warning,
          minmay_the_grid_triangle_9x9_minimal,
          minmay_the_grid_triangle_9x9_windchime,
          minmay_the_grid_triangle_9x9_alien,
          minmay_the_grid_triangle_9x9_corruption,
          minmay_the_grid_triangle_9x9_empty,
          minmay_the_grid_triangle_9x9_impossible_snake,
          minmay_the_grid_triangle_9x9_prize_insulated], layout_basic,
          serial_shops, shop, uniq_joseph
D:10:     layout_cave_pools, tso_metal_star, mainiacjoe_overflow_big_doors,
          erik_lair_dragon, nicolae_specific_store, uniq_amaemon
D:11:     layout_basic, portal_ice_cave_entry_ice_simulacra, minmay_librarian
D:12:     layout_gridville, kennysheep_orc_monster_closet_entryway,
          minmay_strange_pillars, uniq_psyche
D:13:     layout_roguey, erik_vaults_2, serial_shops,
          nicolae_shop_bloodbath_and_beyond, ashenzari_altar_1
D:14:     layout_loops_cross, ebering_ghost_disaster_area, minivault_4
D:15:     hangedman_depths_entry_try_elsewhere_first, layout_basic,
          chequers_garden, serial_rivers, chequers_serial_rivers_room_b,
          chequers_serial_rivers_micro_b, chequers_serial_rivers_micro_a,
          chequers_serial_rivers_micro_b, uniq_roxanne
Temple:   hellmonk_temple_micro_hex
Lair:1:   layout_regular_city, gauntlet_entry_generic,
          nicolae_lair_lakeside_cave, infiniplex_staircase_pool_2, uniq_harold
Lair:2:   layout_hall_layers, disabler_island, serial_bayou_shore_b,
          lemuel_fruit_tree
Lair:3:   beast_lair_carwin_large_1, layout_regular_city,
          palyth_hydra_swamp_entry, spider_nest_entry_funnel_web
Lair:4:   layout_long_grid, slime_entry_1, beast_lair_carwin_7
Lair:5:   evilmike_catoblepas_cave, layout_cave_shapes
Spider:1: layout_cave_pods, hellmonk_narrow_tunnel
Spider:2: nicolae_spider_hilbert_zone_3 [nicolae_spider_hilbert_4_sides_2_open,
          nicolae_spider_hilbert_3_sides_1_open,
          nicolae_spider_hilbert_3_sides_1_open,
          nicolae_spider_hilbert_3_sides_1_open,
          nicolae_spider_hilbert_3_sides_1_open,
          nicolae_spider_hilbert_4_sides_1_open,
          nicolae_spider_hilbert_4_sides_1_open,
          nicolae_spider_hilbert_4_sides_1_open,
          nicolae_spider_hilbert_4_sides_1_open,
          nicolae_spider_hilbert_4_sides_1_open,
          nicolae_spider_hilbert_4_sides_1_open,
          nicolae_spider_hilbert_4_sides_1_open,
          nicolae_spider_hilbert_4_sides_1_open,
          nicolae_spider_hilbert_3_sides_1_open,
          nicolae_spider_hilbert_3_sides_1_open,
          nicolae_spider_hilbert_3_sides_1_open,
          nicolae_spider_hilbert_3_sides_1_open], nicolae_spider_stair_cavern,
          uniq_arachne, uniq_louise
Orc:1:    layout_diamond_mine, uniq_jorgrun
Orc:2:    st_orc_rangers, layout_diamond_mine, basic_altar, uniq_donald

Skill      XL: |  1  2  3  4  5  6  7  8  9 10 11 12 13 14 15 16 17 |
---------------+----------------------------------------------------+-----
Axes           | 2 3 4 5 6 7 8 9 11 12 14 15 16 | 16.8
Shields        | 4 5 6 7 8 9 10 11 12 13 14 15 16 17 | 17.7
Throwing       | 1 2 3 4 5 6 7 |  7.0
Fighting       | 5 7 8 10 12 | 12.0
Invocations    | 1 4 5 9 10 | 10.0
Dodging        | 1 2 3 |  3.2
Armour         | 6 8 9 10 11 12 | 12.0

Action                     |  1- 3 |  4- 6 |  7- 9 | 10-12 | 13-15 | 16-18 || total
---------------------------+-------+-------+-------+-------+-------+-------++-------
  Melee: War axe           |   120 |   108 |   232 |   422 |   691 |       ||  1573
         Demon whip        |       |       |       |       |    18 |       ||    18
         Broad axe         |       |       |       |       |   294 |   441 ||   735
         Flail             |       |       |       |       |    14 |       ||    14
  Throw: Boomerang         |       |       |    46 |    11 |    73 |    16 ||   146
         Javelin           |       |       |    29 |    70 |   192 |    47 ||   338
 Invoke: Heroism           |       |       |     3 |    25 |    32 |    17 ||    77
         Finesse           |       |       |       |     4 |    12 |     3 ||    19
    Use: Scroll            |     6 |     5 |     9 |     8 |     9 |     5 ||    42
         Potion            |     2 |       |    10 |     2 |     2 |     5 ||    21
   Stab: Petrified         |       |       |     5 |       |       |       ||     5
         Petrifying        |       |       |     1 |       |       |       ||     1
         Distracted        |       |       |       |       |     4 |     9 ||    13
 Armour: Scale mail        |    19 |       |       |       |       |       ||    19
         Chain mail        |    44 |    62 |   104 |       |       |       ||   210
         Plate armour      |       |       |     1 |   166 |   320 |   224 ||   711
  Dodge: Dodged            |    50 |    29 |   110 |   118 |   262 |   124 ||   693
  Block: Buckler           |    10 |       |       |       |       |       ||    10
         Tower shield      |    30 |    74 |   203 |   333 |   722 |   371 ||  1733

Table legend:
 A = Non-vault XP
 B = Vault XP
 C = Vault XP percentage of total XP
 D = Non-vault monster count
 E = Vault monster count
 F = Vault count percentage of total count
                 A         B        C        D         E       F
            +---------+---------+-------+---------+---------+-------
      Total |  108482 |   77607 |  41.7 |     537 |     236 |  30.5
            +---------+---------+-------+---------+---------+-------
        D:1 |      30 |       0 |   0.0 |      19 |       0 |   0.0
        D:2 |      71 |      10 |  12.3 |      19 |       4 |  17.4
        D:3 |     149 |     127 |  46.0 |      22 |       6 |  21.4
        D:4 |     590 |       0 |   0.0 |      24 |       0 |   0.0
        D:5 |     526 |     358 |  40.5 |       9 |       6 |  40.0
        D:6 |     666 |     231 |  25.8 |      14 |       1 |   6.7
        D:7 |    1327 |       0 |   0.0 |      19 |       0 |   0.0
        D:8 |    2578 |       0 |   0.0 |      27 |       0 |   0.0
        D:9 |    1762 |   10268 |  85.4 |      22 |      21 |  48.8
       D:10 |    4408 |    2732 |  38.3 |      30 |       8 |  21.1
       D:11 |    7239 |     719 |   9.0 |      17 |       5 |  22.7
       D:12 |     842 |    1954 |  69.9 |       3 |      21 |  87.5
       D:13 |    6310 |    6991 |  52.6 |      20 |       8 |  28.6
       D:14 |    8489 |       0 |   0.0 |      15 |       0 |   0.0
       D:15 |    9002 |    3927 |  30.4 |      26 |       5 |  16.1
     Lair:1 |    7098 |    7341 |  50.8 |      38 |      22 |  36.7
     Lair:2 |    5251 |     405 |   7.2 |      22 |       5 |  18.5
     Lair:3 |    7571 |    4236 |  35.9 |      32 |      17 |  34.7
     Lair:4 |    6258 |    4235 |  40.4 |      20 |      17 |  45.9
     Lair:5 |   10373 |   10323 |  49.9 |      28 |      23 |  45.1
   Spider:1 |   17967 |    2130 |  10.6 |      50 |       3 |   5.7
   Spider:2 |    4351 |    9798 |  69.2 |      11 |      11 |  50.0
      Orc:1 |    2973 |    1977 |  39.9 |      24 |       1 |   4.0
      Orc:2 |    2651 |    6876 |  72.2 |      26 |      41 |  61.2
   Gauntlet |       0 |    2969 | 100.0 |       0 |      11 | 100.0
            +---------+---------+-------+---------+---------+-------
